Map: Ascension to Aiur LE

Players

TheoRy

  • Race: Protoss Protoss
  • Spawn Location: 5:00

GAMETIME - Winner!

  • Race: Zerg Zerg
  • Spawn Location: 11:00

Event: WCS Montreal 2017

VOD

Have the link to the VOD?

Description

Time

  • Played on: Sept. 8, 2017, 11:27 a.m.
  • Length: 9:02

All games in this series

Show
View Real Time Build Order
Export as new Build Order

TheoRy Protoss 

Build Orders: 1 Gate Expand 

Get SALT Encoding   

  12  0:00  Probe (Chrono Boost)  
  13  0:11  Probe (Chrono Boost)  
  14  0:22  Probe (Chrono Boost)  
  14  0:23  Pylon  
  15  0:41  Probe (Chrono Boost), Gateway  
  16  0:50  Assimilator  
  16  0:52  Probe (Chrono Boost)  
  17  1:02  Probe (Chrono Boost)  
  18  1:13  Probe (Chrono Boost)  
  19  1:23  Probe (Chrono Boost)  
  19  1:24  Nexus  
  20  1:34  Cybernetics Core  
  20  1:37  Probe (Chrono Boost)  
  21  1:42  Assimilator  
  21  1:47  Probe (Chrono Boost)  
  21  1:51  Pylon  
  22  1:58  Probe (Chrono Boost)  
  23  2:07  Warp Gate (Chrono Boost)  
  23  2:13  Probe (Chrono Boost), Twilight Council  
  24  2:24  Probe (Chrono Boost)  
  24  2:28  Stalker (Chrono Boost)  
  27  2:35  Probe x2  
  29  2:42  Gateway  
  29  2:47  Probe  
  29  2:48  Probe  
  29  2:50  Resonating Glaives  
  31  2:59  Probe  
  31  3:00  Probe  
  31  3:05  Adept (Chrono Boost)  
  37  3:13  Probe, Mothership Core  
  37  3:15  Pylon  
  38  3:25  Probe  
  39  3:34  Probe  
  40  3:36  Adept (Chrono Boost)  
  40  3:37  Probe  
  40  3:38  Pylon  
  40  3:40  Adept (Chrono Boost)  
  43  3:50  Probe  
  43  3:52  Probe  
  43  3:54  Gateway, Pylon  
  43  3:55  Gateway  
  45  4:02  Probe  
  44  4:15  Gateway  
  44  4:16  Gateway  
  44  4:17  Probe  
  44  4:23  Gateway  
  45  4:36  Pylon  
  45  4:37  Adept  
  45  4:38  Adept  
  49  4:53  Adept  
  49  4:55  Adept x2  
  55  5:02  Adept  
  57  5:17  Adept x3  
  57  5:18  Adept  
  57  5:19  Probe  
  66  5:24  Robotics Facility x2  
  62  5:30  Probe  
  63  5:41  Probe  
  60  5:45  Pylon  
  60  5:47  Pylon  
  60  5:50  Forge  
  58  6:01  Probe  
  51  6:04  Probe  
  51  6:08  Pylon  
  46  6:13  Immortal x2 (Chrono Boost)  
  46  6:14  Probe  
  46  6:16  Probe  
  46  6:17  Pylon  
  56  6:19  Assimilator x2  
  56  6:21  Adept x2  
  56  6:23  Protoss Ground Weapons Level 1  
  60  6:26  Probe  
  60  6:27  Photon Cannon, Zealot  
  61  6:34  Pylon  
  57  6:48  Immortal (Chrono Boost)  
  65  6:54  Immortal (Chrono Boost)  
  65  6:57  Probe x2  
  67  7:05  Pylon  
  67  7:07  Sentry, Zealot x2  
  70  7:20  Sentry  
  70  7:22  Immortal (Chrono Boost)  
  76  7:25  Gateway  
  76  7:27  Gateway  
  76  7:32  Sentry  
  76  7:33  Zealot x2  
  76  7:34  Probe  
  76  7:36  Pylon  
  81  7:53  Sentry  
  81  7:55  Probe  
  81  7:57  Immortal (Chrono Boost)  
  84  7:59  Immortal (Chrono Boost)  
  84  8:05  Pylon  
  88  8:08  Probe, Mothership Core  
  91  8:15  Zealot  
  91  8:16  Sentry  
  91  8:17  Zealot, Pylon  
  97  8:20  Probe  
  98  8:29  Probe, Adept  
  98  8:31  Warp Prism (Chrono Boost)  
  103  8:36  Stalker  
  103  8:40  Adept  
  103  8:41  Adept  
  109  8:53  Zealot, Adept  
  109  8:54  Adept  
Show
View Real Time Build Order
Export as new Build Order

GAMETIME Zerg - Winner!

Build Orders: Hatch First 

Get SALT Encoding   

  12  0:00  Drone  
  13  0:08  Drone  
  14  0:17  Overlord  
  14  0:25  Extractor  
  14  0:26  Drone  
  15  0:35  Drone x2  
  17  0:51  Hatchery  
  17  0:55  Drone  
  17  1:00  Drone  
  18  1:09  Extractor  
  17  1:14  Spawning Pool  
  17  1:16  Drone  
  17  1:19  Drone  
  18  1:27  Drone  
  19  1:37  Drone  
  20  1:46  Hatchery  
  19  1:52  Drone  
  20  2:00  Queen  
  22  2:03  Drone  
  22  2:07  Drone  
  24  2:13  Metabolic Boost  
  24  2:19  Overlord  
  24  2:22  Drone  
  25  2:24  Drone  
  25  2:27  Drone  
  27  2:31  Drone  
  27  2:37  Queen  
  28  2:42  Drone x2  
  32  2:47  Queen  
  34  2:52  Overlord  
  34  3:00  Zergling x6  
  34  3:03  Zergling x2  
  38  3:08  Zergling x4  
  38  3:09  Overlord  
  38  3:10  Drone  
  38  3:12  Drone  
  42  3:15  Drone  
  42  3:19  Drone  
  44  3:22  Drone  
  45  3:29  Overlord x2  
  45  3:31  Drone  
  45  3:32  Extractor  
  45  3:45  Drone x2  
  45  3:47  Drone x2  
  45  3:48  Drone x2  
  49  3:52  Drone x2  
  49  3:54  Drone  
  49  3:55  Lair  
  49  3:58  Drone  
  49  3:59  Drone x2  
  52  4:04  Roach Warren  
  52  4:08  Overlord  
  50  4:11  Drone  
  50  4:12  Drone  
  50  4:15  Zergling x4  
  54  4:19  Extractor  
  54  4:20  Extractor, Drone  
  53  4:26  Overlord  
  53  4:28  Drone x3  
  53  4:29  Drone x2  
  58  4:36  Overlord  
  58  4:44  Roach x2  
  58  4:45  Roach  
  64  4:46  Roach x3  
  64  4:47  Roach  
  64  4:50  Roach  
  64  4:52  Roach  
  74  4:53  Roach  
  74  4:58  Roach  
  76  5:00  Glial Reconstitution  
  76  5:10  Ravager x2  
  76  5:13  Drone x2  
  76  5:14  Drone x2  
  78  5:17  Queen  
  78  5:19  Drone x2  
  80  5:22  Roach  
  80  5:25  Roach  
  80  5:26  Roach  
  84  5:29  Roach  
  84  5:33  Roach  
  85  5:40  Roach x2  
  85  5:41  Roach  
  87  5:45  Roach  
  89  5:51  Overlord  
  89  5:52  Overlord  
  85  6:00  Roach x3  
  85  6:07  Roach x2  
  85  6:10  Overlord x2  
  89  6:13  Drone  
  89  6:14  Ravager x2  
  89  6:15  Ravager  
  93  6:19  Roach  
  93  6:20  Ravager x2  
  93  6:21  Ravager  
  93  6:25  Roach  
  100  6:31  Drone  
  100  6:32  Drone x3  
  104  6:42  Drone  
  104  6:43  Drone x5  
  111  6:47  Drone x3  
  111  6:51  Overseer  
  111  6:52  Evolution Chamber  
  112  6:54  Burrow  
  112  6:58  Tunneling Claws  
  112  7:02  Overlord  
  112  7:05  Roach  
  112  7:08  Roach  
  112  7:13  Roach  
  114  7:18  Roach x5  
  114  7:20  Roach  
  122  7:25  Roach  
  122  7:28  Roach  
  122  7:29  Roach  
  126  7:31  Overlord  
  126  7:33  Roach  
  128  7:37  Roach  
  128  7:44  Overlord x3  
  130  7:45  Overlord x2  
  130  7:47  Overseer  
  128  7:55  Roach  
  128  7:56  Roach x4  
  134  8:06  Roach  
  134  8:08  Roach  
  134  8:10  Hatchery  
  134  8:11  Roach  
  134  8:12  Roach  
  141  8:14  Ravager x3  
  144  8:20  Ravager  
  144  8:21  Roach  
  144  8:23  Roach  
  149  8:27  Drone  
  149  8:28  Drone x3  
  149  8:29  Roach x2  
  149  8:31  Roach x24  
  149  8:32  Roach  
  161  8:34  Roach  
Tags
 
Add a new tag
Caveats
  • Supply blocks, unpowered buildings, or Contaminate may cause inaccurate times.
  • Supply counts are checked every 10 seconds.